 Dungeon Crawl Stone Soup version 0.25-a0-280-gfa4545f159 (webtiles) character file.

Game seed: 1896329493651963265, levelgen mode: deterministic

2611 MisterFreud the Nimble (level 9, -3/66 HPs)
             Began as a Human Wanderer on Dec 10, 2019.
             Slain by Grum
             ... wielding a +1 spear
              (15 damage)
             ... on level 8 of the Dungeon.
             The game lasted 00:31:55 (10259 turns).

MisterFreud the Nimble (Human Wanderer)            Turns: 10259, Time: 00:31:55

Health: -3/66      AC:  6    Str: 16    XL:     9   Next: 90%
Magic:  16/16      EV: 18    Int: 13    God:
Gold:   452        SH:  0    Dex: 16    Spells: 8/18 levels left

rFire    + . .     SeeInvis .   D - +0 morningstar
rCold    . . .     Gourm    .   (no shield)
rNeg     . . .     Faith    .   I - +0 steam dragon scales
rPois    +         Spirit   .   (no helmet)
rElec    .         Reflect  .   s - +0 cloak
rCorr    .         Harm     .   (no gloves)
MR       .....                  (no boots)
Stlth    ..........             F - amulet of regeneration
HPRegen  0.61/turn              v - ring of wizardry
MPRegen  0.15/turn              A - ring of Loledgh {rPois rF+ Str+4 Stlth-}

@: no status effects
A: no striking features
a: no special abilities


You were on level 8 of the Dungeon.
You were not hungry.

You visited 1 branch of the dungeon, and saw 8 of its levels.
You also visited: Sewer.

You collected 452 gold pieces.

Inventory:

Hand Weapons
 a - a +1 quarterstaff
 p - a +0 dagger
 D - a +0 morningstar (weapon)
Missiles
 j - 318 stones
 m - 168 arrows
 o - 60 bolts
 r - 3 boomerangs (quivered)
 u - 24 sling bullets
Armour
 s - a +0 cloak (worn)
 I - +0 steam dragon scales (worn)
Jewellery
 i - an uncursed ring of flight
 l - a +5 ring of strength
 t - an uncursed amulet of faith
 v - a ring of wizardry (left hand)
 A - the ring of Loledgh (right hand) {rPois rF+ Str+4 Stlth-}
   (You found it on level 5 of the Dungeon)

   [ring of strength]

   It affects your strength (+4).
   It protects you from fire.
   It protects you from poison.
   It makes you less stealthy.
 F - an amulet of regeneration (around neck)
 H - the amulet of Veh Goip {RegenMP Int+3}
   (You found it on level 7 of the Dungeon)

   [amulet of magic regeneration]

   It increases your magic regeneration.
   It affects your intelligence (+3).
Scrolls
 w - a scroll of blinking
 x - 3 scrolls of teleportation
 y - 5 scrolls of magic mapping
 z - 2 scrolls of fear
 C - a scroll of amnesia
 E - a scroll of fog
 G - a scroll of enchant weapon
 J - a scroll of remove curse
 L - a scroll of identify
Potions
 b - 2 potions of degeneration
 c - 6 potions of heal wounds
 e - 2 potions of brilliance
 g - 4 potions of might
 h - 2 potions of curing
 k - a potion of ambrosia
 n - 2 potions of resistance
 q - a potion of magic
 B - a potion of cancellation
 K - a potion of flight {unknown}
Comestibles
 d - 4 chunks of flesh
 f - 13 rations


   Skills:
 + Level 4.4 Fighting
 - Level 1.0 Staves
 - Level 1.0 Throwing
 - Level 8.0 Dodging
 - Level 5.3 Spellcasting
 - Level 4.0 Hexes
 - Level 3.1 Charms
   Level 1.0 Transmutations
 - Level 5.0 Ice Magic
 - Level 1.0 Evocations


You had 8 spell levels left.
You knew the following spells:

 Your Spells              Type           Power        Failure   Level  Hunger
a - Freeze                Ice            ###.         1%          1    None
b - Ozocubu's Armour      Chrm/Ice       ##......     4%          3    ###....
c - Ensorcelled Hibernat  Hex/Ice        ###...       1%          2    ##.....
d - Magic Dart            Conj           #...         8%          1    None
e - Confuse               Hex            ##......     4%          3    ###....

Your spell library contained the following spells:

 Spells                   Type           Power        Failure   Level  Hunger
 Corona                   Hex            ##.....      1%          1    None
 Tukima's Dance           Hex            ##......     4%          3    ###....
 Apportation              Tloc           #.....       8%          1    None
 Dazzling Flash           Conj/Hex       #.....       10%         3    ###....
 Searing Ray              Conj           #.....       12%         2    ##.....
 Ice Form                 Ice/Tmut       ##......     21%         4    ####...
 Lesser Beckoning         Tloc           #.........   22%         3    ###....
 Hailstorm                Conj/Ice       #.......     26%         4    ####...
 Summon Ice Beast         Ice/Summ       #.......     26%         4    ####...
 Fulminant Prism          Conj/Hex       #.........   30%         4    ####...
 Iskenderun's Mystic Bla  Conj/Tloc      #.......     56%         4    ####...
 Alistair's Intoxication  Tmut/Pois      #.......     82%         5    ######.
 Lee's Rapid Deconstruct  Erth           #.........   87%         5    ######.
 Iron Shot                Conj/Erth      #.........   100%        6    #######


Dungeon Overview and Level Annotations

Branches:
Dungeon (8/15)             Temple (0/1) D:7           Sewer (visited)
   Lair: D:8-11

Altars:
Kikubaaqudgha

Annotations:
D:4 2 transporters, night's ghost, amateur DsFE
D:6 2 transporters, Wolfie's ghost, novice TeAs
D:8 Grum


Message History

You assume a fearsome visage.
The wolf looks frightened!
The worker ant looks frightened!
The wight is unaffected. x2
The big kobold looks frightened!
The kobold looks frightened!
The worker ant waves its antennae.
The wolf howls!
You hear a shout!
The wolf barely misses you. The wolf misses you.
Grum shouts, "Fido!
Good boy!"
The wolf misses you.
Found 18 gold pieces.
The wolf completely misses you.
The kobold hits you with a +0 short sword.
* * * LOW HITPOINT WARNING * * *
Grum hits you from afar with a +1 spear.
* * * LOW HITPOINT WARNING * * *
The wolf closely misses you. The wolf closely misses you.
The ice beast hits you but does no damage.
The kobold barely misses you.
Grum hits you from afar with a +1 spear!
You die...

..........#... . ..
.........#.# .#...#
##.####..##....# .#....
. .........z....# ..#...
#.#..###...#.##.# #.....
.?... #.K.#z##.# #.....
#.#..###Kg.#.##K###.....
[......hK.$Z....h......#
#......@Yh.z?...###g#..#
##.$.##<...#.##.###.#..#
...................hg...
...z.##.............Z...
.... ..................
... ##...#.##.#.###...
.. ...#.##.#.# #... .
...# ## #. #... .... ..
....


You could see Grum, an ice beast, 2 wolves, 2 wights, an adder zombie and 3
kobolds.

Vanquished Creatures
  Prince Ribbit (D:6)
  A steam dragon (D:7)
  A sky beast (D:5)
  A phantom (D:7)
  4 ogres
  2 centaurs
  8 bullfrogs
  2 scorpions
  4 crimson imps
  A bullfrog zombie (D:7)
  3 hounds
  2 jellies
  An iguana (D:4)
  3 orc wizards
  Natasha (thrice) (D:4)
  5 worker ants
  A worker ant zombie (D:6)
  11 adders
  3 gnolls (D:4)
  8 river rats (Sewer)
  A shadow imp (D:8)
  2 oozes (Sewer)
  An adder zombie (D:8)
  3 adder skeletons (D:6)
  A worm (D:5)
  2 dart slugs
  3 leopard geckos
  14 orcs
  6 giant cockroaches
  11 goblins
  A hobgoblin (D:1)
  7 jackals
  7 quokkas
  10 ball pythons (Sewer)
  8 bats
  6 frilled lizards
  A jackal zombie (D:6)
  9 kobolds
  2 leopard gecko skeletons
  A quokka zombie (D:5)
  28 rats
189 creatures vanquished.

Notes
Turn   | Place    | Note
-------+----------+-------------------------------------------
     0 | D:1      | MisterFreud the Human Wanderer began the quest for the Orb.
     0 | D:1      | MisterFreud set off with the following items: a +0
                  | quarterstaff, a +0 robe, a ration; and the following spells
                  | available to memorise: Freeze, Apportation, Ozocubu's
                  | Armour, Lesser Beckoning, Hailstorm, Summon Ice Beast
     0 | D:1      | Reached XP level 1. HP: 18/18 MP: 1/1
    79 | D:1      | Learned a level 1 spell: Freeze
   198 | D:1      | Reached skill level 1 in Spellcasting
   205 | D:1      | Reached XP level 2. HP: 23/24 MP: 3/3
   728 | D:1      | Reached XP level 3. HP: 27/29 MP: 4/6
  1675 | D:2      | You fall into a shaft and drop 2 floors!
  1788 | D:4      | Noticed an ogre
  1803 | D:4      | Killed an ogre
  1803 | D:4      | Reached XP level 4. HP: 16/35 MP: 3/7
  1803 | D:4      | Reached XP level 5. HP: 19/41 MP: 3/8
  1808 | D:4      | Learned a level 3 spell: Ozocubu's Armour
  2444 | D:3      | Noticed an ice beast
  2708 | D:2      | Reached skill level 1 in Charms
  2719 | D:2      | Reached XP level 6. HP: 44/47 MP: 7/9
  3112 | D:3      | You fall into a shaft and drop 3 floors!
  3117 | D:5      | Entered Level 5 of the Dungeon
  3367 | D:3      | Found an ancient bone altar of Kikubaaqudgha.
  3380 | D:4      | Noticed an ogre
  3401 | D:4      | You fall into a shaft and drop 3 floors!
  3402 | D:7      | Found a staircase to the Ecumenical Temple.
  3500 | D:6      | Found a glowing drain.
  3512 | Sewer    | Entered a sewer
  3731 | Sewer    | Reached skill level 5 in Ice Magic
  4193 | Sewer    | Learned a level 2 spell: Ensorcelled Hibernation
  4730 | Sewer    | Reached skill level 1 in Hexes
  4732 | Sewer    | Reached XP level 7. HP: 30/52 MP: 3/11
  4991 | Sewer    | Reached skill level 2 in Dodging
  5355 | D:5      | Reached skill level 3 in Dodging
  5610 | D:5      | Reached skill level 4 in Dodging
  5610 | D:5      | Reached XP level 8. HP: 58/58 MP: 12/12
  5667 | D:5      | Got an ancient granite ring
  5669 | D:5      | Identified the ring of Loledgh {rPois rF+ Str+4 Stlth-}
                  | (You found it on level 5 of the Dungeon)
  6097 | D:3      | Learned a level 1 spell: Magic Dart
  6439 | D:4      | Reached skill level 5 in Dodging
  6509 | D:4      | You fall into a shaft and drop 1 floor!
  7189 | D:4      | Reached skill level 6 in Dodging
  7198 | D:4      | Learned a level 3 spell: Confuse
  7238 | D:4      | Noticed night's ghost (amateur DsFE)
  7240 | D:4      | Noticed Natasha
  7250 | D:4      | Killed Natasha
  7277 | D:4      | Noticed Natasha
  7288 | D:4      | Killed Natasha
  7323 | D:4      | Found a transporter.
  7339 | D:4      | Found a transporter.
  7356 | D:4      | Noticed Natasha
  7361 | D:4      | Killed Natasha
  8369 | D:6      | Reached XP level 9. HP: 36/63 MP: 11/15
  8389 | D:6      | Noticed Prince Ribbit
  8447 | D:6      | Killed Prince Ribbit
  8447 | D:6      | Reached skill level 5 in Spellcasting
  8848 | D:6      | Noticed a queen bee
  8853 | D:6      | Noticed Wolfie's ghost (novice TeAs)
  8875 | D:6      | Noticed a hornet
  8907 | D:6      | Found a transporter.
  8910 | D:6      | Found a transporter.
  8960 | D:6      | Identified the Disquisition on Shape Shifting and the
                  | Mountains
  9313 | D:7      | Reached skill level 7 in Dodging
  9451 | D:7      | Got a pitted bronze amulet
  9452 | D:7      | Identified the amulet of Veh Goip {RegenMP Int+3} (You
                  | found it on level 7 of the Dungeon)
  9688 | D:7      | Reached skill level 8 in Dodging
 10202 | D:8      | Noticed Grum
 10259 | D:8      | Slain by Grum

Levels and vault maps discovered:
D:1:      lightli_arrival_lavapool, layout_basic
D:2:      layout_basic
D:3:      layout_loops_ring, nicolae_overflow_hidden_temple,
          chequers_ecumenical_altar_twisty
D:4:      layout_basic, first_ration, gammafunk_ghost_stat_death, uniq_natasha
D:5:      layout_basic, solitary_fountain
D:6:      layout_cave_pools, portal_sewer_entry_d, gammafunk_ghost_hive,
          uniq_prince_ribbit1
D:7:      hangedman_cross_stitches, layout_loops_ring,
          minmay_temple_entry_steel_oval
D:8:      layout_basic, uniq_grum

Skill      XL: |  1  2  3  4  5  6  7  8  9 |
---------------+----------------------------+-----
Spellcasting   | 1 2 3 4 5 |  5.3
Ice Magic      | 4 5 |  5.0
Charms         | 1 2 3 |  3.1
Hexes          | 1 2 3 4 |  4.0
Dodging        | 4 6 8 |  8.0
Fighting       | 4 |  4.4
Staves         | |  1.0
Throwing       | |  1.0
Transmutations | |  1.0
Evocations     | |  1.0

Action                   |  1- 3 |  4- 6 |  7- 9 || total
-------------------------+-------+-------+-------++-------
Melee: Quarterstaff      |   101 |   158 |    53 ||   312
       Morningstar       |       |       |   156 ||   156
       Dagger            |       |       |    15 ||    15
Throw: Throwing net      |     2 |       |     1 ||     3
       Stone             |       |     3 |       ||     3
       Boomerang         |       |       |    16 ||    16
 Cast: Freeze            |     8 |    41 |   199 ||   248
       Ozocubu's Armour  |       |     5 |     5 ||    10
       Ensorcelled Hiber |       |     3 |     1 ||     4
       Magic Dart        |       |       |     5 ||     5
       Confuse           |       |       |     3 ||     3
  Use: Scroll            |     6 |    11 |     8 ||    25
       Potion            |       |     2 |     1 ||     3
 Stab: Held in net/web   |     2 |       |       ||     2
       Sleeping          |     1 |     5 |     1 ||     7
       Distracted        |       |     1 |       ||     1
  Eat: Chunk             |     3 |    11 |    21 ||    35
Armor: Robe              |    28 |    44 |    87 ||   159
       Skin              |       |    30 |       ||    30
       Steam dragon scal |       |       |    15 ||    15
Dodge: Dodged            |   106 |   167 |   412 ||   685

Table legend:
 A = Non-vault XP
 B = Vault XP
 C = Vault XP percentage of total XP
 D = Non-vault monster count
 E = Vault monster count
 F = Vault count percentage of total count
                 A         B        C        D         E       F
            +---------+---------+-------+---------+---------+-------
      Total |    2517 |    1213 |  32.5 |     130 |      59 |  31.2
            +---------+---------+-------+---------+---------+-------
        D:1 |      47 |       0 |   0.0 |      29 |       0 |   0.0
        D:2 |      54 |       0 |   0.0 |      13 |       0 |   0.0
        D:3 |     194 |       0 |   0.0 |      18 |       0 |   0.0
        D:4 |     413 |      35 |   7.8 |      17 |       1 |   5.6
        D:5 |     524 |       0 |   0.0 |      18 |       0 |   0.0
        D:6 |     583 |     277 |  32.2 |      22 |       2 |   8.3
        D:7 |     598 |     486 |  44.8 |       9 |       8 |  47.1
        D:8 |     104 |       0 |   0.0 |       4 |       0 |   0.0
      Sewer |       0 |     415 | 100.0 |       0 |      48 | 100.0
            +---------+---------+-------+---------+---------+-------
